Map: Golden Wall LE

Players

DnS - Winner!

  • Race: Protoss Protoss
  • Spawn Location: 7:00

BratOK (Brat_OK)

  • Race: Terran Terran
  • League: Master
  • Spawn Location: 5:00

Event: DreamHack SC2 Masters 2020 Fall

VOD

Have the link to the VOD?

Description

Time

  • Played on: Aug. 26, 2020, 12:57 p.m.
  • Length: 7:27

All games in this series

Show
View Real Time Build Order
Export as new Build Order

DnS Protoss - Winner!

Build Orders: 1 Gate Expand, Blink Stalkers 

Get SALT Encoding   

  12  0:00  Probe  
  13  0:12  Probe  
  14  0:20  Pylon  
  14  0:24  Probe  
  15  0:38  Probe (Chrono Boost)  
  15  0:39  Gateway  
  16  0:47  Probe (Chrono Boost)  
  17  0:52  Assimilator, Probe (Chrono Boost)  
  18  1:04  Probe  
  19  1:16  Probe  
  20  1:25  Cybernetics Core  
  20  1:35  Nexus  
  20  1:38  Probe  
  21  1:45  Pylon  
  21  1:53  Probe  
  22  1:55  Assimilator  
  22  2:00  Adept (Chrono Boost)  
  22  2:05  Probe  
  22  2:06  Warp Gate  
  24  2:17  Probe  
  24  2:20  Adept (Chrono Boost)  
  25  2:29  Probe  
  28  2:37  Twilight Council  
  29  2:44  Probe (Chrono Boost)  
  29  2:47  Probe (Chrono Boost)  
  29  2:49  Stalker  
  32  2:57  Probe (Chrono Boost)  
  32  2:58  Probe (Chrono Boost)  
  34  3:02  Probe (Chrono Boost)  
  35  3:05  Robotics Facility  
  35  3:09  Probe (Chrono Boost)  
  36  3:14  Probe (Chrono Boost)  
  38  3:21  Probe (Chrono Boost)  
  38  3:22  Probe (Chrono Boost)  
  39  3:28  Blink (Chrono Boost), Probe  
  39  3:30  Probe  
  41  3:40  Probe  
  41  3:42  Probe  
  39  3:52  Gateway, Probe  
  39  3:54  Gateway, Probe  
  40  3:58  Stalker  
  40  3:59  Observer  
  43  4:04  Probe  
  43  4:08  Probe, Pylon  
  43  4:09  Assimilator  
  45  4:16  Probe  
  46  4:23  Pylon  
  46  4:26  Observer  
  46  4:34  Nexus  
  46  4:35  Probe x2  
  46  4:36  Pylon  
  48  4:40  Sentry  
  50  4:47  Probe  
  50  4:48  Probe  
  50  4:50  Observer  
  50  4:51  Stalker  
  50  4:52  Phoenix  
  55  4:53  Stalker  
  55  4:57  Shield Battery  
  57  5:06  Charge (Chrono Boost), Probe x2  
  59  5:11  Observer  
  60  5:14  Gateway  
  60  5:15  Gateway  
  60  5:17  Pylon  
  60  5:20  Probe x2  
  62  5:25  Pylon  
  62  5:29  Forge  
  62  5:32  Probe x2  
  62  5:33  Stalker  
  66  5:44  Probe  
  66  5:47  Immortal (Chrono Boost)  
  71  5:50  Stalker x2  
  71  5:54  Probe  
  71  5:55  Probe  
  77  6:00  Gateway  
  77  6:02  Observer  
  77  6:04  Gateway  
  77  6:09  Sentry  
  79  6:13  Probe x2  
  85  6:25  Immortal  
  85  6:28  Zealot x4  
  91  6:33  Shield Battery  
  91  6:35  Shield Battery  
  91  6:36  Pylon  
  91  6:51  Zealot x5  
  101  6:55  Gateway  
  101  7:07  Zealot x2  
  105  7:11  Zealot x2  
  107  7:20  Stalker  
  107  7:21  Stalker x2  
Show
View Real Time Build Order
Export as new Build Order

BratOK Terran 

Build Orders: Reaper Expand 

Get SALT Encoding   

  12  0:00  SCV  
  13  0:12  SCV  
  14  0:17  Supply Depot  
  14  0:24  SCV  
  15  0:39  Barracks, SCV  
  16  0:45  Refinery  
  16  0:51  SCV  
  17  1:03  SCV  
  18  1:15  SCV  
  19  1:31  Orbital Command, Reaper  
  20  1:45  Command Center  
  20  1:54  Supply Depot  
  20  1:58  SCV  
  21  2:03  Marine  
  22  2:10  SCV  
  23  2:16  Factory  
  23  2:22  Bunker  
  23  2:23  Marine  
  23  2:26  SCV  
  25  2:35  Refinery  
  25  2:39  SCV  
  25  2:41  Barracks Tech Lab  
  26  2:51  SCV  
  26  2:58  Orbital Command  
  27  3:05  Barracks  
  27  3:07  Cyclone  
  27  3:08  Barracks Reactor  
  27  3:10  SCV  
  31  3:25  SCV  
  30  3:40  Siege Tank  
  33  3:44  SCV  
  34  3:49  SCV  
  35  3:59  Barracks Tech Lab  
  35  4:00  Marine x2  
  35  4:02  SCV  
  37  4:04  Barracks  
  37  4:11  Refinery  
  37  4:12  Siege Tank  
  37  4:13  Engineering Bay, SCV  
  41  4:17  Supply Depot  
  41  4:18  Marine x2  
  41  4:19  Stimpack  
  41  4:23  SCV  
  44  4:25  SCV  
  45  4:33  Marine  
  46  4:39  SCV, Supply Depot, Marine  
  46  4:40  Terran Infantry Weapons Level 1  
  46  4:41  SCV  
  49  4:51  SCV  
  50  4:53  Supply Depot  
  50  4:54  Siege Tank  
  50  4:56  Marine  
  54  5:01  Marine x2  
  54  5:04  SCV x2  
  58  5:11  Starport  
  58  5:16  SCV  
  58  5:18  Marine  
  62  5:21  Marauder  
  62  5:23  SCV  
  62  5:24  Marine  
  64  5:30  SCV  
  64  5:35  Supply Depot  
  65  5:39  Marine x2  
  65  5:42  Marine  
  70  5:43  Marauder  
  70  5:49  Supply Depot  
  70  5:56  Medivac  
  70  5:57  Siege Tank  
  75  5:59  Supply Depot  
  75  6:00  Combat Shield  
  75  6:06  Marauder, Marine  
  75  6:10  SCV  
  79  6:12  Supply Depot  
  79  6:18  Marine x2  
  79  6:22  SCV  
  79  6:24  Marine  
  80  6:28  Medivac, Marauder  
  80  6:29  Siege Tank  
  85  6:36  Marine x2  
  86  6:42  Marine  
  87  6:49  Marauder  
  87  6:56  Marine x2  
  87  6:59  Marine  
  87  7:02  Supply Depot  
  88  7:11  Bunker, Missile Turret  

Tags
 
Add a new tag
Caveats
  • Supply blocks, unpowered buildings, or Contaminate may cause inaccurate times.
  • Supply counts are checked every 10 seconds.